 Dungeon Crawl Stone Soup version 0.30-a0-618-gd6c86c23d0 (webtiles) character file.

Game seed: 15370183173940281104

116 Dirtsage the Chopper (level 4, -1/33 HPs)
             Began as a Demonspawn Gladiator on Jan 9, 2023.
             Slain by Sigmund
             ... wielding a +4 scythe of protection
              (10 damage)
             ... on level 3 of the Dungeon.
             The game lasted 00:03:35 (1888 turns).

Dirtsage the Chopper (Demonspawn Gladiator)         Turns: 1888, Time: 00:03:36

Health: -1/33      AC:  6    Str: 16    XL:     4   Next: 70%
Magic:  4/4        EV: 11    Int: 10    God:
Gold:   136        SH:  0    Dex: 14    Spells: 3/3 levels left

rFire   . . .      SeeInvis .    a - +0 war axe
rCold   . . .      Faith    .    (no shield)
rNeg    . . .      Spirit   .    q - +0 ring mail
rPois   .          Reflect  .    c - +0 helmet
rElec   .          Harm     .    (no cloak)
rCorr   .          Rampage  .    (no gloves)
Will    .....                    (no boots)
Stlth   +                        (no amulet)
HPRegen 0.25/turn                (no ring)
MPRegen 0.09/turn                (no ring)

@: no status effects
A: powered by pain 2
a: no special abilities


You were on level 3 of the Dungeon.
You visited 1 branch of the dungeon, and saw 3 of its levels.

You collected 136 gold pieces.

Inventory:

Hand Weapons
 a - a +0 war axe (weapon)
 s - a +2 flail of protection
Missiles
 d - 2 throwing nets (quivered)
 e - a javelin
Armour
 b - a +0 leather armour
 c - a +0 helmet (worn)
 p - a +0 kite shield
 q - a +0 ring mail (worn)
Jewellery
 f - a +6 ring of intelligence
 r - an amulet of faith
Scrolls
 h - 4 scrolls of fog {unknown}
 j - 2 scrolls of immolation {unknown}
 l - 5 scrolls of identify {unknown}
 m - a scroll of fear {unknown}
 t - a scroll of enchant armour {unknown}
 u - a scroll of noise {unknown}
Potions
 g - a potion of magic {unknown}
 i - a potion of haste {unknown}
 k - 2 potions of degeneration {unknown}
 n - a potion of attraction {unknown}
 o - a potion of might {unknown}


   Skills:
 - Level 2.0 Fighting
 + Level 5.0 Axes
 - Level 1.7 Throwing
 - Level 2.6 Dodging


You had 3 spell levels left.
You didn't know any spells.
Your spell library contained the following spells:

 Spells                   Type           Power      Damage    Failure   Level
 Apportation              Tloc           0%         N/A       58%         1
 Necrotise                Necr           0%         1d4       58%         1
 Summon Small Mammal      Summ           0%         N/A       58%         1
 Ensorcelled Hibernation  Hex/Ice        0%         N/A       73%         2
 Passwall                 Tmut/Erth      0%         N/A       73%         2
 Swiftness                Air            0%         N/A       91%         3


Dungeon Overview and Level Annotations

Branches:
Dungeon (3/15)

Altars:

Annotations:
D:3 Sigmund


Innate Abilities, Weirdness & Mutations

You sometimes gain power by taking damage.


Message History

You slash the dart slug!
You kill the dart slug!
Sigmund the Dreaded comes into view.
He is wielding a +4 scythe of protection.
Sigmund shouts!
You see here a +0 leather armour.
Sigmund is nearby!
Throw: 3 throwing nets
Press: ? - help, Shift-Dir - straight line, f - Sigmund
Aim: Sigmund, wielding a +4 scythe of protection and wearing a +0 robe (55% to hit)
You throw a throwing net. The throwing net hits Sigmund.
Sigmund is caught in the net!
Sigmund struggles against the net.
Health restored: 33 Sigmund whispers, "You'll know eternity soon."
Sigmund struggles against the net.
You see here a lumpy ruby potion.
Sigmund struggles against the net.
You slash Sigmund!
Sigmund is heavily wounded.
Sigmund casts a spell.
Sigmund flickers and vanishes!
Deactivating autopickup; reactivate with Ctrl-A.
Something wriggles in the net.
You hit something.
Something wriggles in the net.
You hit something but do no damage.
Something wriggles in the net.
All of a sudden the net rips apart!
You miss something. Something hits you but does no damage.
You completely miss something. Something hits you.
You take 3 damage, and have 30/33 hp.
You closely miss something. Something hits you.
You take 3 damage, and have 27/33 hp.
You closely miss something. You barely miss something. Something hits you.
You take 5 damage, and have 22/33 hp.
You hit something but do no damage. Something barely misses you.
You barely miss something. Something hits you!
* * * LOW HITPOINT WARNING * * *
You take 13 damage, and have 9/33 hp.
MASSIVE DAMAGE!!
You hit something but do no damage. Something hits you!
You die...

### ### #.. ..# #.#
#.### #######.# ##...##
####.##.##.# ####.....#
.........#.# #.{@!....#
##.........###.##.[...#
##.............###...##
##......##.#######..##
###...#.##.......>..###
#
#####.#######.........#
# #'# #.###.###.# # ...
#.# .# # .. #.# .#


There were no monsters in sight!

Vanquished Creatures
  An orc priest (D:3)
  2 gnolls (D:1)
  An adder (D:2)
  A worm (D:3)
  3 dart slugs
  4 orcs (D:3)
  9 endoplasms
  A giant cockroach (D:1)
  5 goblins
  2 hobgoblins (D:2)
  2 quokkas (D:1)
  5 ball pythons
  3 bats (D:2)
  2 frilled lizards (D:1)
  4 kobolds
  3 rats
48 creatures vanquished.

Vanquished Creatures (others)
  2 plants (D:1)
2 creatures vanquished.

Grand Total: 50 creatures vanquished

Notes
Turn   | Place    | Note
-------+----------+-------------------------------------------
     0 | D:1      | Dirtsage the Demonspawn Gladiator began the quest for the
                  | Orb.
     0 | D:1      | Reached XP level 1. HP: 16/16 MP: 1/1
   102 | D:1      | Reached skill level 3 in Axes
   102 | D:1      | Gained mutation: You sometimes gain a little power by
                  | taking damage. [demonic ancestry]
   102 | D:1      | Reached XP level 2. HP: 13/22 MP: 2/2
   425 | D:1      | Gained mutation: You sometimes gain power by taking damage.
                  | [demonic ancestry]
   425 | D:1      | Reached XP level 3. HP: 27/27 MP: 3/3
   523 | D:1      | Reached skill level 4 in Axes
  1438 | D:3      | Reached XP level 4. HP: 9/33 MP: 4/4
  1765 | D:3      | Identified the +6 dagger "Murmur" {flame, rC+}
  1800 | D:3      | Reached skill level 5 in Axes
  1874 | D:3      | Noticed Sigmund
  1888 | D:3      | Slain by Sigmund

Illustrated notes

Levels and vault maps discovered:
D:1:      dpeg_arrival_arbitrary_b, layout_basic, serial_forest,
          infiniplex_forest_clump_diagonal, infiniplex_forest_corner_1,
          infiniplex_forest_end_double, infiniplex_forest_lined_3,
          infiniplex_forest_end_2, hangedman_glass_teeth,
          nicolae_concentric_dashed_squares_mild
D:2:      layout_basic, basic_altar, amcnicky_mini_corridor_feature,
          eino_tiny_chamber
D:3:      layout_loops_corners, uniq_sigmund

Skill      XL: |  1  2  3  4 |
---------------+-------------+-----
Axes           | 3 4 5 |  5.0
Fighting       | |  2.0
Throwing       | |  1.7
Dodging        | |  2.6

Action                   |  1- 3 |  4- 6 || total
-------------------------+-------+-------++-------
Melee: War axe           |   101 |    44 ||   145
       Punch             |     2 |       ||     2
Throw: Throwing net      |       |     1 ||     1
Armor: Leather armour    |    16 |       ||    16
       Ring mail         |    12 |     8 ||    20
Dodge: Dodged            |    55 |     8 ||    63

Table legend: (Time is in decaauts)
 A = Elapsed time spent in this place.
 B = Non-inter-level travel time spent in this place.
 C = Inter-level travel time spent in this place.
 D = Time resting spent in this place.
 E = Time spent auto-exploring this place.
 F = Levels seen in this place.
 G = Mean time per level.
                   A        B        C        D        E       F      G
               +--------+--------+--------+--------+--------+-----+--------+
         Total |   1928 |   1914 |     14 |      0 |   1512 |   3 |  642.7 |
       Dungeon |   1928 |   1914 |     14 |      0 |   1512 |   3 |  642.7 |
               +--------+--------+--------+--------+--------+-----+--------+

Top non-repeatable levels by time:
     D:1: 729 daAuts
     D:2: 724 daAuts
     D:3: 474 daAuts
